AoeStats
← GORGORY

Arena

510218744Analyzed
1v1 RM · 2d ago on Sep 30, 2026· 46m 4s· 2 players
Game mode
Random Map
Map size
Tiny (2 player)
Population
200
Speed
Normal
Resources
Standard
Victory
Conquest
Starting age
Dark Age
Ending age
Imperial Age
RankedLock teamsTeams togetherTeam positionsShared explorationLock speedFull tech treeHidden civsTurbo modeCheats
Victory
Defeat
🇦🇷 Ethiopians · Argentina
960
+16
🇨🇳 Mongols · China
955
-16
盐田吴彦祖
11:18 Feudal Age
15:36 Castle Age
17:01 Forging
16:56 Scale Barding Armor
21:44 Husbandry
23:51 Loom
26:50 Imperial Age
24:51 Double-Bit Axe
26:21 Bloodlines
26:07 Horse Collar
30:13 Fletching
30:24 Padded Archer Armor
30:52 Parthian Tactics
31:45 Bodkin Arrow
32:06 Leather Archer Armor
33:27 Thumb Ring
33:27 Bracer
39:43 Elite Mangudai
40:44 Conscription
41:11 Onager
44:00 Chemistry
GORGORY
5:50 Loom
9:04 Feudal Age
9:30 Double-Bit Axe
9:27 Horse Collar
13:23 Wheelbarrow
17:02 Castle Age
15:27 Stone Mining
16:39 Gold Mining
19:44 Forging
19:34 Scale Mail Armor
20:10 Fervor
23:19 Town Watch
24:05 Heavy Plow
26:10 Bow Saw
27:17 Sanctity
27:19 Forging
27:38 Ballistics
28:47 Squires
28:33 Arson
29:26 Iron Casting
29:06 Chain Mail Armor
29:21 Royal Heirs
31:14 Hand Cart
30:59 Town Patrol
33:13 Chain Mail Armor
33:58 Crossbowman
34:44 Thumb Ring
34:22 Elite Skirmisher
36:00 Gold Shaft Mining
36:02 Stone Shaft Mining
36:02 Padded Archer Armor
35:52 Fletching
39:15 Imperial Age
37:27 Fletching
37:37 Padded Archer Armor
37:52 Murder Holes
39:45 Leather Archer Armor
39:25 Bodkin Arrow
39:27 Elite Shotel Warrior
40:27 Conscription
39:29 Capped Ram
39:39 Halberdier
41:19 Plate Mail Armor
41:49 Blast Furnace
40:55 Siege Ram
43:12 Two-Man Saw
43:02 Bracer
43:32 Ring Archer Armor
43:37 Torsion Engines
44:23 Arbalester
Connection lost

Rejoining the realm…

Still unreachable

The connection could not be restored.

Session expired

The server has moved on; the page needs a fresh start.